 Dungeon Crawl Stone Soup version 0.23.2-40-g277498a001 (webtiles) character file.

Game seed: 14215581475085666840

102 Kaiomaar the Chopper (level 4, -1/40 HPs)
             Began as a Minotaur Berserker on Sept 27, 2019.
             Was a Priest of Trog.
             Slain by an adder (4 damage)
             ... on level 3 of the Dungeon.
             The game lasted 00:08:42 (2125 turns).

Kaiomaar the Chopper (Minotaur Berserker)           Turns: 2125, Time: 00:08:43

Health: -1/40      AC:  3    Str: 23    XL:     4   Next: 50%
Magic:  3/3        EV: 13    Int:  4    God:    Trog [***...]
Gold:   48         SH:  0    Dex:  9    Spells: 3/3 levels left

rFire    . . .     SeeInvis .   e - +3 hand axe
rCold    . . .     Gourm    .   (no shield)
rNeg     . . .     Faith    .   d - +0 leather armour
rPois    .         Spirit   .   (helmet restricted)
rElec    .         Reflect  .   (no cloak)
rCorr    +         Harm     .   (no gloves)
MR       ++...                  (no boots)
Stlth    +.........             (no amulet)
HPRegen  1.13/turn              o - ring of resist corrosion
MPRegen  0.08/turn              v - +1 ring of evasion

@: lethally poisoned (-1 -> -1), regenerating
A: retaliatory headbutt, horns 2
a: Berserk, Trog's Hand, Renounce Religion


You were on level 3 of the Dungeon.
You worshipped Trog.
Trog was most pleased with you.
You were not hungry.

You visited 1 branch of the dungeon, and saw 3 of its levels.

You collected 48 gold pieces.

Inventory:

Hand Weapons
 a - a +0 hand axe
 e - a +3 hand axe (weapon)
 f - a +0 club
 n - a +0 dagger
 q - a +0 flail
Missiles
 s - 20 stones (quivered)
Armour
 b - a +0 animal skin
 d - a +0 leather armour (worn)
Jewellery
 o - a ring of resist corrosion (left hand)
 v - a +1 ring of evasion (right hand)
Scrolls
 g - a scroll of fear {unknown}
 k - 2 scrolls of immolation {unknown}
 m - 2 scrolls of identify {unknown}
 p - 2 scrolls of noise {unknown}
 t - a scroll of enchant armour {unknown}
 u - a scroll of remove curse {unknown}
Potions
 h - a potion of magic {unknown}
 j - 2 potions of curing {unknown}
 l - a potion of flight {unknown}
 r - a potion of resistance {unknown}
Comestibles
 c - 2 rations
 i - 2 chunks of flesh


   Skills:
 + Level 4.2 Fighting
 + Level 5.1 Axes
 * Level 3.1 Armour
 + Level 2.8 Dodging
 + Level 0.7 Stealth


You had 3 spell levels left.
You didn't know any spells.
Your spell library was empty.

Dungeon Overview and Level Annotations

Branches:
Dungeon (3/15)

Altars:
Ashenzari

Annotations:
D:3 Grinder


Innate Abilities, Weirdness & Mutations

You reflexively headbutt those who attack you in melee.
You have a pair of horns on your head.


Message History

You are poisoned.
The adder poisons you! Grinder completely misses you. You furiously retaliate!
You headbutt Grinder! You hit Grinder. Your headbutt misses Grinder.
Grinder is almost dead.
You barely miss the worm. You hit the adder.
You feel sick. The adder closely misses you. Grinder gestures at you.
You resist with almost no effort. The worm completely misses you.
The adder bites you but does no damage.
You closely miss Grinder.
Grinder is almost dead.
You closely miss the adder. You slash the worm! Grinder closely misses you.
The adder bites you.
* * * LOW HITPOINT WARNING * * *
The worm misses you.
You closely miss Grinder.
Grinder is almost dead.
You hit the adder. You barely miss the worm. The adder bites you.
You die...

.. ... ##........#....
.................
.................
.................
.................
#...........>.........
###.............Sw.....#
..#.............@....#
..#.........#...5....#.
....##.#..###.#........#
..........##............
.........###.#....#....#
.............'....#....#
........####.#....# ...#
.......................#
.....#...###...........#


You could see Grinder, a worm and an adder.

Vanquished Creatures
  3 adders
  4 worms
  4 dart slugs
  A leopard gecko (D:2)
  2 bats
  5 giant cockroaches (D:1)
  8 goblins
  6 hobgoblins
  3 quokkas (D:2)
  2 ball pythons
  4 frilled lizards
  4 kobolds (D:1)
  8 rats
54 creatures vanquished.

Vanquished Creatures (others)
  4 toadstools (D:1)
4 creatures vanquished.

Grand Total: 58 creatures vanquished

Notes
Turn   | Place    | Note
-------+----------+-------------------------------------------
     0 | D:1      | Kaiomaar the Minotaur Berserker began the quest for the
                  | Orb.
     0 | D:1      | Reached XP level 1. HP: 19/19 MP: 0/0
   292 | D:1      | Reached skill level 4 in Axes
   366 | D:1      | Reached XP level 2. HP: 27/27 MP: 1/1
   771 | D:1      | Reached ** piety under Trog
   971 | D:1      | Reached XP level 3. HP: 30/33 MP: 2/2
  1370 | D:2      | Reached XP level 4. HP: 33/40 MP: 3/3
  1437 | D:2      | Found a shattered altar of Ashenzari.
  1840 | D:3      | Reached *** piety under Trog
  1889 | D:3      | Reached skill level 5 in Axes
  2114 | D:3      | Noticed Grinder
  2124 | D:3      | HP: 2/40 [adder (3)]
  2125 | D:3      | Slain by an adder

Skill      XL: |  1  2  3  4 |
---------------+-------------+-----
Axes           | 4 5 |  5.1
Fighting       | 4 |  4.2
Armour         | 3 |  3.1
Dodging        | |  2.8
Stealth        | |  0.7

Action                   |  1- 3 |  4- 6 || total
-------------------------+-------+-------++-------
Melee: Hand axe          |    69 |    29 ||    98
       Headbutt          |    13 |     7 ||    20
Invok: Trog's Hand       |       |     1 ||     1
 Stab: Sleeping          |     3 |     1 ||     4
       Distracted        |     1 |       ||     1
  Eat: Chunk             |     1 |     3 ||     4
Armor: Animal skin       |     7 |       ||     7
       Leather armour    |     1 |     3 ||     4
Dodge: Dodged            |    26 |    17 ||    43
